[Event "Titled Tuesday Blitz April 4 Late 2023"]
[White "Qiao, Cindy"]
[Black "Mirimanian, Hayk"]
[WhiteFideId "2620243"]
[BlackFideId "4700180"]
[WhiteElo "1777"]
[BlackElo "2280"]
[Result "0-1"]
[Round "11"]
[TimeControl "180+2"]
[Date "2023.04.04"]
[WhiteClock "0:00:24"]
[BlackClock "0:00:06"]

1. d4 d6 2. Bf4 g6 3. Nc3 Bg7 4. e4 Nf6 5. Qd2 h5 6. O-O-O a6 7. h4 b5 8. f3 Bb7 9. Nh3 Nc6 10. Kb1 Nd7 11. Ng5 Nxd4 12. Bd3 Nc5 13. Rde1 Qd7 14. e5 Nde6 15. exd6 cxd6 16. Be3 Nxg5 17. Bxc5 dxc5 18. Qxg5 c4 19. Be4 Bxe4 20. Nxe4 O-O 21. g4 hxg4 22. fxg4 Qd4 23. Qc1 b4 24. h5 b3 25. axb3 cxb3 26. c3 Qd3+ 27. Ka1 Rfc8 28. hxg6 Rc4 29. gxf7+ Kf8 30. Nc5 Rxc5 31. Rh5 Rxc3 32. Qg5 Rc7 33. Rh8+ Kxf7 34. Rxa8 Bxb2+ 35. Kxb2 Qc2+ 36. Ka3 Qa2+ 37. Kb4 Rb7+ 38. Kc5 Rb5+ 39. Kd4 Rxg5 40. Rf1+ Ke6 41. Re1+ Kd6 42. Rd8+ Kc7 43. Re8 Qd2+ 44. Kc4 Qxe1 0-1


[Site "https://www.chess.com"]

[Event "Titled Tuesday Blitz April 4 Late 2023"]
[White "Schuster, Karsten"]
[Black "Pires, Marcos Vinicius Torsani"]
[WhiteFideId "4611071"]
[BlackFideId "2118939"]
[WhiteElo "2294"]
[BlackElo "2273"]
[Result "1/2-1/2"]
[Round "11"]
[TimeControl "180+2"]
[Date "2023.04.04"]
[WhiteClock "0:00:55"]
[BlackClock "0:01:01"]

1. d4 Nf6 2. c4 g6 3. Nc3 Bg7 4. e4 d6 5. Be2 O-O 6. Bg5 c5 7. d5 e6 8. Qd2 exd5 9. exd5 Re8 10. Nf3 Bg4 11. O-O Nbd7 12. h3 Bxf3 13. Bxf3 Ne5 14. Be2 Qa5 15. f4 Ned7 16. Bd3 Nh5 17. Rfe1 Bd4+ 18. Kh2 a6 19. a4 Qb4 20. g4 Nhf6 21. f5 Ne5 22. Be2 Nxc4 23. Bxc4 Qxc4 24. fxg6 fxg6 25. Rxe8+ Rxe8 26. Re1 Rxe1 27. Qxe1 Be5+ 28. Kg2 Nxd5 29. Ne4 Qd3 30. Bc1 Bf4 31. Nf6+ Nxf6 32. Qe6+ Kg7 33. Qe7+ Kg8 34. Qe6+ Kg7 35. Qe7+ Kg8 36. Qe6+ 1/2-1/2


[Site "https://www.chess.com"]

[Event "Titled Tuesday Blitz April 4 Late 2023"]
[White "Rian, Kapriaga"]
[Black "Rios Escobar, Adan"]
[WhiteFideId "7103263"]
[BlackFideId "3403645"]
[WhiteElo "2323"]
[BlackElo "2462"]
[Result "0-1"]
[Round "11"]
[TimeControl "180+2"]
[Date "2023.04.04"]
[WhiteClock "0:00:03"]
[BlackClock "0:00:13"]

1. d4 Nf6 2. Nf3 g6 3. Bg5 Bg7 4. Nbd2 c5 5. c3 Qb6 6. Qb3 cxd4 7. cxd4 Qxb3 8. Nxb3 b6 9. e3 Bb7 10. Be2 d6 11. O-O Nbd7 12. Rfc1 Nd5 13. a3 h6 14. Bh4 g5 15. Bg3 O-O 16. h4 g4 17. Nfd2 h5 18. Bb5 Rfd8 19. Bc6 Rab8 20. Bxb7 Rxb7 21. Rc2 Rc7 22. Rac1 Rdc8 23. Rxc7 Rxc7 24. Rxc7 Nxc7 25. Kf1 f5 26. Ke2 Kf7 27. Nc1 e5 28. Nc4 Ke6 29. Nd3 b5 30. Nd2 Nd5 31. dxe5 dxe5 32. e4 Ne7 33. f3 f4 34. Bf2 a6 35. Nb3 Kd6 36. Ndc5 Nb8 37. Nd3 Bf6 38. Nb4 g3 39. Bc5+ Ke6 40. Ba7 Nec6 41. Bxb8 Nxb8 42. Nc5+ Kd6 43. Ncxa6 Nxa6 44. Nxa6 Bxh4 45. b3 Bd8 46. Nb4 Bb6 47. Nd3 Bd4 48. Nb4 h4 49. Kf1 Bc5 50. Nc2 Kc6 0-1


[Site "https://www.chess.com"]

[Event "Titled Tuesday Blitz April 4 Late 2023"]
[White "Ai, Evan"]
[Black "Kukula, Pawel"]
[WhiteFideId "2094770"]
[BlackFideId "1115081"]
[WhiteElo "1963"]
[BlackElo "2012"]
[Result "0-1"]
[Round "11"]
[TimeControl "180+2"]
[Date "2023.04.04"]
[WhiteClock "0:00:05"]
[BlackClock "0:00:19"]

1. e4 c5 2. Nf3 Nc6 3. d4 cxd4 4. Nxd4 Nf6 5. Nc3 e5 6. Ndb5 d6 7. Bg5 a6 8. Na3 b5 9. Nd5 Be7 10. Bxf6 Bxf6 11. c4 b4 12. Nc2 a5 13. g3 O-O 14. Bg2 Bg5 15. h4 Bh6 16. O-O Be6 17. Qe2 Rb8 18. b3 Kh8 19. Rad1 Ne7 20. f4 Nxd5 21. exd5 Bd7 22. fxe5 Re8 23. Rxf7 Rxe5 24. Qf3 g6 25. Kh2 Qe8 26. Rf1 Bg7 27. Nd4 Bf5 28. Nxf5 Qxf7 29. Nxd6 Qxf3 30. Rxf3 Kg8 31. Nf7 Re2 32. Ng5 h6 33. Ne6 Re8 34. Nf4 Rxa2 35. Rd3 g5 36. hxg5 hxg5 37. Ne6 Be5 38. Nxg5 Kg7 39. Ne6+ Kf6 40. Rf3+ Ke7 41. c5 Rh8+ 42. Kg1 Rd2 43. Re3 Kf6 44. Kf1 Rh2 45. Bf3 Bxg3 46. Be2 Rf2+ 47. Kg1 Rfxe2 48. Rxg3 Rd1# 0-1


[Site "https://www.chess.com"]

[Event "Titled Tuesday Blitz April 4 Late 2023"]
[White "Wang, Alexander J"]
[Black "Mazurkiewicz, Michal"]
[WhiteFideId "30955270"]
[BlackFideId "1124943"]
[WhiteElo "2312"]
[BlackElo "2054"]
[Result "0-1"]
[Round "11"]
[TimeControl "180+2"]
[Date "2023.04.04"]
[WhiteClock "0:00:04"]
[BlackClock "0:00:06"]

1. e4 d6 2. d4 Nf6 3. Nc3 c6 4. Nf3 Bg4 5. h3 Bh5 6. Be2 e6 7. Be3 d5 8. e5 Nfd7 9. Nb1 c5 10. c3 Nc6 11. Nbd2 Be7 12. O-O O-O 13. Nb3 c4 14. Nbd2 b5 15. a3 a5 16. a4 b4 17. Nh2 Bg6 18. f4 Rb8 19. g4 f5 20. g5 bxc3 21. bxc3 Rb2 22. h4 Qb6 23. h5 Bf7 24. h6 g6 25. Nhf3 Rb8 26. Ne1 Be8 27. Nc2 Qa7 28. Rb1 Rxb1 29. Nxb1 Nb6 30. Nca3 Qd7 31. Nb5 Na7 32. Nxa7 Qxa7 33. Qd2 Nxa4 34. Bd1 Nb2 35. Bc2 a4 36. Qe2 a3 37. Bc1 a2 38. Bxb2 Rxb2 39. Qd2 a1=Q 40. Qc1 Qb6 41. Kh1 Qba5 42. Rf3 Q5a2 43. Rf2 Rxb1 44. Bxb1 Q2xb1 45. Qxb1 Qxb1+ 46. Kg2 Ba4 0-1


[Site "https://www.chess.com"]

[Event "Titled Tuesday Blitz April 4 Late 2023"]
[White "lluiss"]
[Black "Vaglio Munoz, Jaime"]
[BlackFideId "6500145"]
[WhiteElo "2272"]
[BlackElo "2199"]
[Result "0-1"]
[Round "11"]
[TimeControl "180+2"]
[Date "2023.04.04"]
[WhiteClock "0:00:56"]
[BlackClock "0:01:42"]

1. c4 c6 2. d4 b5 3. e4 bxc4 4. Bxc4 d5 5. exd5 cxd5 6. Bb5+ Bd7 7. Be2 Nf6 8. Nf3 g6 9. O-O Bg7 10. Nc3 O-O 11. Bf4 Bg4 12. h3 Bxf3 13. Bxf3 e6 14. Nb5 Nc6 15. Rc1 Qb6 16. Be2 a6 17. Nc7 Ra7 18. Qc2 Nxd4 19. Be3 Nxe2+ 20. Qxe2 d4 21. Bf4 Rb7 22. b3 Nh5 23. Bh2 Bh6 24. Rc4 Nf4 25. Qe5 f6 26. Qxe6+ Nxe6 0-1


[Site "https://www.chess.com"]

[Event "Titled Tuesday Blitz April 4 Late 2023"]
[White "Svicevic, Rastko"]
[Black "Hajiyev, Kanan"]
[WhiteFideId "916315"]
[BlackFideId "13404148"]
[WhiteElo "2071"]
[BlackElo "2103"]
[Result "0-1"]
[Round "11"]
[TimeControl "180+2"]
[Date "2023.04.04"]
[WhiteClock "0:00:43"]
[BlackClock "0:00:31"]

1. d4 Nf6 2. Bg5 Ne4 3. Bf4 d5 4. e3 c5 5. f3 Nf6 6. dxc5 Nc6 7. c3 e5 8. Bg5 Bxc5 9. Bxf6 Qxf6 10. Qxd5 Bxe3 11. Bb5 O-O 12. Ne2 Bf5 13. Na3 Rad8 14. Bxc6 Rxd5 15. Bxd5 Rd8 16. Rd1 Be6 17. Nc2 Bb6 18. Nb4 a5 19. Bxe6 Rxd1+ 20. Kxd1 Qxe6 21. Nd3 Qxa2 22. Kc2 Qa4+ 23. b3 Qa2+ 24. Nb2 Be3 25. Rd1 h5 26. Rd3 Bg5 27. Rd5 a4 28. Rb5 a3 0-1


[Site "https://www.chess.com"]

[Event "Titled Tuesday Blitz April 4 Late 2023"]
[White "ArchibaldCerveza29"]
[Black "Georg, Heinz"]
[BlackFideId "4607295"]
[WhiteElo "2421"]
[BlackElo "2262"]
[Result "1-0"]
[Round "11"]
[TimeControl "180+2"]
[Date "2023.04.04"]
[WhiteClock "0:01:10"]
[BlackClock "0:00:47"]

1. e4 e5 2. Nf3 Nc6 3. d4 exd4 4. Bc4 Bc5 5. O-O d6 6. c3 dxc3 7. Nxc3 Nf6 8. a3 a5 9. Bg5 h6 10. Bh4 g5 11. Nxg5 hxg5 12. Bxg5 Bd4 13. Nd5 Be6 14. Qf3 Bxd5 15. exd5 Be5 16. Rfe1 Kf8 17. dxc6 Bxh2+ 18. Kf1 Be5 19. Rxe5 Rh1+ 20. Ke2 Rxa1 21. Bxf6 Qe8 22. Be7+ 1-0


[Site "https://www.chess.com"]

[Event "Titled Tuesday Blitz April 4 Late 2023"]
[White "Gerbelli Neto, Eduardo"]
[Black "mjelcic"]
[WhiteFideId "2103281"]
[WhiteElo "2178"]
[BlackElo "2240"]
[Result "1-0"]
[Round "11"]
[TimeControl "180+2"]
[Date "2023.04.04"]
[WhiteClock "0:00:18"]
[BlackClock "0:00:02"]

1. e4 c5 2. Nc3 g6 3. f4 Nc6 4. Nf3 Bg7 5. Bc4 e6 6. f5 Nge7 7. fxe6 fxe6 8. d3 O-O 9. O-O d5 10. Bb3 a6 11. Qe1 Nd4 12. Bg5 Nxf3+ 13. Rxf3 Rxf3 14. gxf3 Qd6 15. Bxe7 Qxe7 16. exd5 Qg5+ 17. Qg3 Bd4+ 18. Kg2 Qd2+ 19. Kh1 b5 20. Ne4 Qh6 21. dxe6 c4 22. dxc4 Bxe6 23. cxb5 Bxb3 24. axb3 Bxb2 25. Rxa6 Rf8 26. Rc6 Qc1+ 27. Kg2 Qe3 28. Qf2 Qf4 29. b6 Bd4 30. Qe2 Be5 31. Ng3 h5 32. b7 h4 33. Nf1 Qg5+ 34. Kh1 Bd4 35. Qg2 Qd5 36. Rxg6+ Kh8 37. Rg5 Qxf3 38. Rg8+ Kh7 39. Qxf3 Rxf3 40. b8=Q Rxf1+ 41. Kg2 Rg1+ 42. Kf3 Rxg8 43. Qc7+ Bg7 44. b4 Rf8+ 45. Kg4 Kg6 46. Qd6+ Bf6 47. Qd3+ Kf7 48. Qh7+ Ke6 49. Qe4+ Kf7 50. b5 Rg8+ 51. Kf3 Re8 52. Qd5+ Kg6 53. b6 Re5 54. Qg8+ Kf5 55. b7 Bg5 56. Qxg5+ Kxg5 57. b8=Q Rf5+ 58. Ke4 Rf4+ 59. Qxf4+ 1-0


[Site "https://www.chess.com"]

[Event "Titled Tuesday Blitz April 4 Late 2023"]
[White "Kornyukov, Alexey"]
[Black "Figorito, Nick"]
[WhiteFideId "4150457"]
[BlackFideId "30923689"]
[WhiteElo "2352"]
[BlackElo "2390"]
[Result "1-0"]
[Round "11"]
[TimeControl "180+2"]
[Date "2023.04.04"]
[WhiteClock "0:00:24"]
[BlackClock "0:01:16"]

1. d4 Nf6 2. c4 g6 3. f3 d5 4. cxd5 Nxd5 5. e4 Nb6 6. Nc3 Bg7 7. Be3 O-O 8. Qd2 f5 9. e5 Nc6 10. O-O-O Nb4 11. Nh3 Be6 12. Kb1 Nc4 13. Bxc4 Bxc4 14. b3 Bf7 15. Bh6 Nd5 16. Bxg7 Nxc3+ 17. Qxc3 Kxg7 18. Nf4 Bd5 19. Nxd5 Qxd5 20. Qxc7 Rfe8 21. Qc5 Qd7 22. d5 a5 23. Qd4 Qb5 24. e6+ Kg8 25. h4 a4 26. h5 axb3 27. hxg6 bxa2+ 28. Ka1 1-0


[Site "https://www.chess.com"]

[Event "Titled Tuesday Blitz April 4 Late 2023"]
[White "Jiganchine, Roman"]
[Black "Stachanczyk, Jacek"]
[WhiteFideId "2603667"]
[BlackFideId "1116657"]
[WhiteElo "2289"]
[BlackElo "2084"]
[Result "1/2-1/2"]
[Round "11"]
[TimeControl "180+2"]
[Date "2023.04.04"]
[WhiteClock "0:00:08"]
[BlackClock "0:00:33"]

1. e4 c5 2. Nf3 d6 3. Bb5+ Bd7 4. Bxd7+ Qxd7 5. c4 Nf6 6. Nc3 g6 7. d4 cxd4 8. Nxd4 Bg7 9. f3 O-O 10. Be3 Rc8 11. b3 a6 12. Qd2 b5 13. cxb5 axb5 14. Ndxb5 d5 15. e5 Nh5 16. Bd4 Nc6 17. O-O Nxd4 18. Qxd4 f6 19. Qxd5+ Qxd5 20. Nxd5 Kf7 21. e6+ Kf8 22. Nb6 f5 23. Rad1 Nf4 24. Nxa8 Rxa8 25. a4 Nxe6 26. Rfe1 Nc5 27. Nc7 Rb8 28. Ne6+ Nxe6 29. Rxe6 Rxb3 30. a5 Ra3 31. a6 Kf7 32. Rc6 Ra4 33. h3 Be5 34. Kf1 Ra2 35. Rb1 Bg3 36. Kg1 h5 37. Kh1 h4 38. Rd1 g5 39. Rb1 e6 40. Rd1 Kf6 41. Rb1 Ra3 42. Rcc1 Be5 43. Re1 Rxa6 44. Rb5 Bg3 45. Rf1 Ra3 46. Rb4 Rc3 47. Ra4 Rb3 48. Rc4 Bf4 49. Ra4 Be3 50. Rc4 Rb8 51. Rc2 f4 52. Rc4 e5 53. Re4 Kf5 54. Rd1 Rb2 55. Rf1 Bd4 56. Rd1 Be3 57. Re1 Rb5 58. R4xe3 fxe3 59. Rxe3 Rb1+ 60. Kh2 Rc1 61. Re4 Rb1 62. Rg4 Rc1 63. Re4 Rb1 64. Rg4 Rc1 65. Rb4 Rd1 66. Rg4 Rc1 1/2-1/2


[Site "https://www.chess.com"]

[Event "Titled Tuesday Blitz April 4 Late 2023"]
[White "Vifleemskaia, Svetlana"]
[Black "Kujawski, Adam"]
[WhiteFideId "4129490"]
[BlackFideId "1100920"]
[WhiteElo "1930"]
[BlackElo "2054"]
[Result "1-0"]
[Round "11"]
[TimeControl "180+2"]
[Date "2023.04.04"]
[WhiteClock "0:01:01"]
[BlackClock "0:00:03"]

1. d4 Nf6 2. c4 e6 3. Nc3 Bb4 4. e3 c5 5. Ne2 b6 6. a3 Ba5 7. Rb1 Na6 8. g3 Bb7 9. d5 b5 10. Bg2 bxc4 11. O-O d6 12. Qa4+ Kf8 13. dxe6 Bxg2 14. Kxg2 fxe6 15. Qxc4 Nc7 16. e4 Bb6 17. Nf4 Qe7 18. e5 dxe5 19. Nd3 Ncd5 20. Nxe5 Qb7 21. f3 Re8 22. Re1 Kg8 23. Ne4 h5 24. Ng5 h4 25. Ng6 h3+ 26. Nxh3 Rh5 27. Nhf4 Nxf4+ 28. Nxf4 Rf5 29. Rxe6 Kh7 30. Bd2 Rxe6 31. Qxe6 Re5 32. Qxe5 1-0


[Site "https://www.chess.com"]

[Event "Titled Tuesday Blitz April 4 Late 2023"]
[White "Antonova, Nadezhda"]
[Black "Zampronha, Wladimir Camilo"]
[WhiteFideId "14700182"]
[BlackFideId "2103087"]
[WhiteElo "1765"]
[BlackElo "2176"]
[Result "0-1"]
[Round "11"]
[TimeControl "180+2"]
[Date "2023.04.04"]
[WhiteClock "0:00:01"]
[BlackClock "0:00:49"]

1. Nf3 Nf6 2. b3 d5 3. Bb2 c5 4. e3 a6 5. c4 Nc6 6. cxd5 Nxd5 7. Nc3 Ndb4 8. Qb1 Bg4 9. a3 Bxf3 10. gxf3 Nd5 11. Ne4 e6 12. Qc2 Rc8 13. Rc1 Nb8 14. d4 Nd7 15. dxc5 Nxc5 16. b4 Nxe4 17. Qxc8 Ng5 18. Qxd8+ Kxd8 19. f4 Ne4 20. Bg2 f5 21. Ke2 Be7 22. Bxe4 fxe4 23. Bxg7 Rg8 24. Be5 a5 25. Rhd1 axb4 26. axb4 Bxb4 27. f5 Ke7 28. fxe6 Kxe6 29. Bg3 Nc3+ 30. Kf1 Nxd1 31. Rxd1 Bc5 32. Rb1 b6 33. Ke2 Rd8 34. Rb3 Ra8 35. Rb2 Ra3 36. Rc2 Kd5 37. Rd2+ Kc6 38. Bf4 b5 39. f3 exf3+ 40. Kxf3 b4 41. Ke4 b3 42. Rb2 Kb5 43. Be5 Kc4 44. Bf6 Ra2 45. Be5 Ba3 46. Rb1 Rg2 0-1


[Site "https://www.chess.com"]

[Event "Titled Tuesday Blitz April 4 Late 2023"]
[White "Kalajzic, Ivan"]
[Black "Golubev, Mikhail"]
[WhiteFideId "14506378"]
[BlackFideId "14100983"]
[WhiteElo "2203"]
[BlackElo "2374"]
[Result "1-0"]
[Round "11"]
[TimeControl "180+2"]
[Date "2023.04.04"]
[WhiteClock "0:00:08"]
[BlackClock "0:00:02"]

1. d4 g6 2. Nc3 Bg7 3. Bg5 c5 4. d5 h6 5. Bf4 d6 6. Qd2 g5 7. Bg3 Nf6 8. e3 Nh5 9. Bb5+ Kf8 10. Be2 Nxg3 11. hxg3 a6 12. a4 Qa5 13. Nd1 Qxd2+ 14. Kxd2 Nd7 15. a5 Nf6 16. c4 Ne4+ 17. Ke1 e6 18. Bd3 exd5 19. cxd5 Nf6 20. e4 Bd7 21. Ne2 Re8 22. f3 Ke7 23. g4 h5 24. gxh5 Nxh5 25. Kf2 Nf4 26. Rxh8 Nxd3+ 27. Ke3 Rxh8 28. Kxd3 Bb5+ 29. Ke3 Rh2 30. Ndc3 Bxe2 31. Nxe2 Rxg2 32. Rb1 g4 33. f4 Rh2 34. b4 Rh3+ 35. Kf2 c4 36. b5 c3 37. Rc1 Rd3 38. bxa6 bxa6 39. Rc2 Rd2 40. Rc1 g3+ 41. Ke3 g2 42. Ng1 1-0


[Site "https://www.chess.com"]

[Event "Titled Tuesday Blitz April 4 Late 2023"]
[White "Buchenau, Frank"]
[Black "Osmonbekov, Talaibek"]
[WhiteFideId "4604350"]
[BlackFideId "2017253"]
[WhiteElo "2157"]
[BlackElo "2135"]
[Result "1-0"]
[Round "11"]
[TimeControl "180+2"]
[Date "2023.04.04"]
[WhiteClock "0:00:08"]
[BlackClock "0:00:01"]

1. e4 c5 2. Nf3 d6 3. Bb5+ Nd7 4. O-O a6 5. Bd3 Ngf6 6. Re1 e5 7. c3 Be7 8. Bc2 O-O 9. d4 b5 10. a4 Bb7 11. axb5 axb5 12. Rxa8 Qxa8 13. Na3 b4 14. Nc4 cxd4 15. cxd4 Nxe4 16. dxe5 Nxe5 17. Nfxe5 dxe5 18. Nb6 Qa6 19. Nd5 Bxd5 20. Qxd5 Nf6 21. Qxe5 Bd6 22. Qf5 Qc8 23. Bg5 Qxf5 24. Bxf5 Re8 25. Rxe8+ Nxe8 26. Kf1 Be5 27. b3 Nd6 28. Bd3 h6 29. Bd2 Bc3 30. Bxc3 bxc3 31. Ke2 Nc8 32. Kd1 Nb6 33. Kc2 Nd5 34. Be4 Nf6 35. Bf3 Kf8 36. Kxc3 Ke7 37. Kc4 Kd6 38. b4 g5 39. b5 g4 40. Ba8 Nd7 41. Kd4 f5 42. f4 gxf3 43. Bxf3 Nb6 44. g3 Nd7 45. Bc6 Ne5 46. Be8 Ng4 47. h3 Nf6 48. Bg6 f4 49. gxf4 Nh5 50. Ke4 1-0


[Site "https://www.chess.com"]

[Event "Titled Tuesday Blitz April 4 Late 2023"]
[White "Ozalp, Burak"]
[Black "Manu_ChessExcelsior"]
[WhiteFideId "6314210"]
[WhiteElo "2106"]
[BlackElo "2150"]
[Result "1-0"]
[Round "11"]
[TimeControl "180+2"]
[Date "2023.04.04"]
[WhiteClock "0:00:41"]
[BlackClock "0:00:16"]

1. d4 d5 2. c4 e6 3. Nf3 Nf6 4. Nc3 a6 5. cxd5 exd5 6. Bf4 Bd6 7. Bxd6 Qxd6 8. e3 O-O 9. Bd3 Nc6 10. h3 Ne7 11. O-O Bf5 12. Rc1 c6 13. Na4 Qc7 14. Ne5 g6 15. Nc5 Bxd3 16. Qxd3 Nf5 17. b4 Nd6 18. a4 b5 19. a5 Nc4 20. f3 Rfd8 21. f4 Ne8 22. Rf3 Ned6 23. f5 Ne4 24. Nxe4 Nxe5 25. Nf6+ Kg7 26. dxe5 Qxe5 27. Ng4 Qb2 28. Qd4+ Qxd4 29. exd4 Re8 30. Rcf1 h5 31. Ne5 g5 32. f6+ Kh6 33. Nxf7+ Kg6 34. Ne5+ Kh6 35. f7 1-0


[Site "https://www.chess.com"]

[Event "Titled Tuesday Blitz April 4 Late 2023"]
[White "Oliveira, Tiago Batista"]
[Black "Novikova, Galina"]
[WhiteFideId "2108291"]
[BlackFideId "4157095"]
[WhiteElo "1962"]
[BlackElo "1953"]
[Result "1-0"]
[Round "11"]
[TimeControl "180+2"]
[Date "2023.04.04"]
[WhiteClock "0:00:20"]
[BlackClock "0:02:07"]

1. d4 e6 2. c4 f5 3. Nf3 Nf6 4. g3 Be7 5. Bg2 O-O 6. O-O d6 7. b3 Ne4 8. Nbd2 Qe8 9. Bb2 Nc6 10. d5 exd5 11. cxd5 Nd8 12. Nxe4 fxe4 13. Nd2 e3 14. fxe3 Rxf1+ 15. Qxf1 Nf7 16. Nf3 Bf5 17. Nd4 Bg6 18. Rc1 Bd8 19. Ne6 Ne5 20. Qf4 c6 21. dxc6 Qxe6 22. cxb7 Rb8 23. Qd4 Bb6 24. Bd5 Kf8 25. Bxe6 Bxd4 26. Rc8+ Ke7 27. Rxb8 Bxe3+ 28. Kf1 Kxe6 29. Bxe5 dxe5 30. Rc8 Bf5 31. b8=Q Bh3+ 32. Ke1 Bd4 33. Qb7 g6 34. Rc6+ Kf5 35. Qf7+ Ke4 36. Qf3# 1-0


[Site "https://www.chess.com"]

[Event "Titled Tuesday Blitz April 4 Late 2023"]
[White "tandercat"]
[Black "Kohler, Aran"]
[BlackFideId "1002856"]
[WhiteElo "1954"]
[BlackElo "2291"]
[Result "0-1"]
[Round "11"]
[TimeControl "180+2"]
[Date "2023.04.04"]
[WhiteClock "0:00:06"]
[BlackClock "0:02:08"]

1. d4 d5 2. c4 c6 3. cxd5 cxd5 4. Nc3 a6 5. Bf4 Nc6 6. e3 Nf6 7. Rc1 e6 8. Bd3 Bd6 9. Bxd6 Qxd6 10. f4 h6 11. Nf3 g5 12. fxg5 hxg5 13. Nxg5 Rxh2 14. Rxh2 Qxh2 15. Qf3 Qh4+ 16. Ke2 Qxg5 17. Rf1 Ke7 18. Na4 Bd7 19. Nb6 Rf8 20. Nxd7 Nxd7 21. a3 f5 0-1


[Site "https://www.chess.com"]

[Event "Titled Tuesday Blitz April 4 Late 2023"]
[White "Briscoe, Chris"]
[Black "KorolDimitriy75"]
[WhiteFideId "408360"]
[WhiteElo "2111"]
[BlackElo "2361"]
[Result "1-0"]
[Round "11"]
[TimeControl "180+2"]
[Date "2023.04.04"]
[WhiteClock "0:01:27"]
[BlackClock "0:00:15"]

1. h4 c5 2. Rh3 d5 3. Rc3 e5 4. e4 d4 5. Rg3 Be6 6. Bb5+ Nd7 7. Nf3 f6 8. Nxe5 fxe5 9. Qh5+ g6 10. Qxe5 Qf6 11. Qc7 b6 12. Rf3 Qe7 13. d3 h6 14. Na3 a6 15. Bc6 Rb8 16. Qxb8+ Qd8 17. Rxf8+ 1-0


[Site "https://www.chess.com"]

[Event "Titled Tuesday Blitz April 4 Late 2023"]
[White "Brahami, Lamine"]
[Black "Matute Escobar, Roxanny"]
[WhiteFideId "7905637"]
[BlackFideId "3926028"]
[WhiteElo "2088"]
[BlackElo "1844"]
[Result "1-0"]
[Round "11"]
[TimeControl "180+2"]
[Date "2023.04.04"]
[WhiteClock "0:00:25"]
[BlackClock "0:00:01"]

1. d4 Nf6 2. Nf3 g6 3. e3 Bg7 4. Be2 c5 5. O-O cxd4 6. exd4 O-O 7. c3 d6 8. Nbd2 Nc6 9. Nc4 b5 10. Ne3 a6 11. a4 bxa4 12. Qxa4 Bb7 13. Qb3 Rb8 14. Qc2 a5 15. Nc4 Rc8 16. Qb3 Ba6 17. Re1 d5 18. Nce5 Bxe2 19. Rxe2 Ne4 20. Nxc6 Rxc6 21. Qa4 Ra6 22. Ne5 Qd6 23. Nd3 Qc7 24. Qb5 Rd6 25. Qxa5 Qd7 26. Nc5 Qf5 27. Nxe4 dxe4 28. Be3 Rd5 29. Qa4 Qg4 30. Qd1 Rb8 31. Rd2 Qe6 32. c4 Rdd8 33. d5 Qf5 34. Rb1 Rdc8 35. c5 e6 36. d6 Be5 37. b4 Qh5 38. g3 1-0


[Site "https://www.chess.com"]

[Event "Titled Tuesday Blitz April 4 Late 2023"]
[White "Lock, Gavin R"]
[Black "Tarnowska, Aleksandra"]
[WhiteFideId "408646"]
[BlackFideId "1180967"]
[WhiteElo "2104"]
[BlackElo "1776"]
[Result "0-1"]
[Round "11"]
[TimeControl "180+2"]
[Date "2023.04.04"]
[WhiteClock "0:00:02"]
[BlackClock "0:00:06"]

1. e4 c5 2. Nf3 e6 3. c3 d5 4. exd5 Qxd5 5. d4 Nf6 6. Na3 a6 7. Nc4 Qd8 8. a4 b6 9. Be2 Bb7 10. O-O cxd4 11. Qxd4 Qxd4 12. Nxd4 Nbd7 13. Bf4 Be7 14. Nd6+ Bxd6 15. Bxd6 Ne4 16. Ba3 Ng5 17. Rfe1 h5 18. Bf1 h4 19. h3 Rh6 20. Nf5 O-O-O 21. Nxh6 gxh6 22. Rad1 Rg8 23. Kh2 Nf6 24. Be7 Nfe4 25. Bxg5 Nxg5 26. f4 Ne4 27. Bd3 Nf2 28. Bf1 Nxd1 29. Rxd1 Kc7 30. Kg1 Rg3 31. Kf2 f5 32. Rd4 Bd5 33. c4 Bc6 34. b4 Bxa4 35. c5 bxc5 36. bxc5 Bb5 37. Bxb5 axb5 38. Rd6 Rc3 39. Rxe6 Rxc5 40. Rxh6 Rc2+ 41. Kf3 Rc3+ 42. Kf2 b4 43. Rxh4 b3 44. Rh7+ Kc8 45. Rh6 Kc7 46. Rh7+ Kb6 47. Rh8 Rc7 48. Rd8 b2 0-1


[Site "https://www.chess.com"]

[Event "Titled Tuesday Blitz April 4 Late 2023"]
[White "ritanovikova"]
[Black "Winkels, Marcel"]
[BlackFideId "1003887"]
[WhiteElo "2195"]
[BlackElo "1900"]
[Result "1-0"]
[Round "11"]
[TimeControl "180+2"]
[Date "2023.04.04"]
[WhiteClock "0:00:18"]
[BlackClock "0:00:01"]

1. e4 c5 2. Nc3 Nc6 3. d3 g6 4. g3 Bg7 5. Be3 d6 6. Qd2 Nd4 7. Nd1 Bg4 8. Bg2 Nh6 9. c3 Ng8 10. cxd4 cxd4 11. Bf4 e5 12. Bg5 f6 13. Qb4 fxg5 14. Qxb7 Rb8 15. Qxg7 Qf6 16. Qxa7 Rc8 17. f3 Be6 18. Qa6 Bd7 19. Ne2 Ne7 20. O-O O-O 21. Nf2 Rc2 22. Qb7 Be6 23. Rfe1 h5 24. a4 g4 25. f4 Rfc8 26. Rac1 Kf7 27. Rxc2 Rxc2 28. fxe5 dxe5 29. a5 h4 30. a6 Bc8 31. Qb3+ Kg7 32. Qxc2 Bxa6 33. b4 hxg3 34. hxg3 Qg5 35. Qc1 Qf6 36. Qc7 Bb5 37. Qc5 Bd7 38. b5 Nc8 39. Rc1 Nb6 40. Qc7 1-0


[Site "https://www.chess.com"]

[Event "Titled Tuesday Blitz April 4 Late 2023"]
[White "Joubert, Dantelle"]
[Black "Srdanovic, Jovana"]
[WhiteFideId "14310813"]
[BlackFideId "954810"]
[WhiteElo "1507"]
[BlackElo "2145"]
[Result "1-0"]
[Round "11"]
[TimeControl "180+2"]
[Date "2023.04.04"]
[WhiteClock "0:00:18"]
[BlackClock "0:00:53"]

1. d4 Nf6 2. c4 e6 3. Nc3 d5 4. cxd5 exd5 5. Bg5 Be7 6. e3 c6 7. Bd3 O-O 8. Nge2 g6 9. Qc2 Re8 10. O-O-O b5 11. h4 Na6 12. Qb3 b4 13. Na4 c5 14. dxc5 Nxc5 15. Nxc5 Bxc5 16. h5 Be6 17. hxg6 hxg6 18. Nd4 Bxd4 19. exd4 a5 20. Bb5 Bf5 21. Rd2 Qc7+ 22. Kd1 Ne4 23. Bxe8 Nxd2 24. Kxd2 Rxe8 25. Bf6 Qf4+ 26. Qe3 1-0